 Dungeon Crawl Stone Soup version 0.29.1-4-g47bece8355 (webtiles) character file.

Game seed: 17196781369740114728

17917 MacCMillion the Artisan of Death (level 12, -2/112 HPs)
             Began as a Naga Venom Mage on Dec 10, 2022.
             Was a Priest of Kikubaaqudgha.
             Slain by a cane toad (13 damage)
             ... on level 4 of the Lair of Beasts.
             The game lasted 01:25:47 (19052 turns).

MacCMillion the Artisan of Death (Naga Venom Mage) Turns: 19052, Time: 01:25:47

Health: -2/112     AC: 13    Str: 11    XL:     12   Next: 53%
Magic:  18/24      EV: 14    Int: 19    God:    Kikubaaqudgha [***...]
Gold:   604        SH:  4    Dex: 13    Spells: 8/27 levels left

rFire   + . .      SeeInvis +   n - +9 short sword of Butzef {freeze, rPois rF+ rC- rCorr}
rCold   x . .      Faith    .   V - +0 buckler
rNeg    . . .      Spirit   .   S - +0 troll leather armour
rPois   +          Reflect  .   x - +0 helmet
rElec   .          Harm     .   h - +0 cloak
rCorr   +          Rampage  .   I - +0 pair of gloves
Will    +....                   (no barding)
Stlth   +++.......              t - amulet of the acrobat
HPRegen 1.08/turn               J - +4 ring of evasion
MPRegen 0.19/turn               M - +4 ring of protection

@: lethally poisoned (-2 -> -10), animating dead, very slow
A: AC +4, large, see invisible, deformed body, poison resistance, slowness 2,
spit poison 1, naga tail 1
a: Spit Poison, Renounce Religion, Unearth Wretches


You were on level 4 of the Lair of Beasts.
You worshipped Kikubaaqudgha.
Kikubaaqudgha was most pleased with you.
You visited 3 branches of the dungeon, and saw 15 of its levels.
You also visited: Sewer.

You collected 604 gold pieces.

Inventory:

Hand Weapons
 e - a +0 dagger
 n - the +9 short sword of Butzef (weapon) {freeze, rPois rF+ rC- rCorr}
   (You found it on level 2 of the Dungeon)

   It freezes those it strikes, dealing additional cold damage.
   It can also slow down cold-blooded creatures.
   rF:        It protects you from fire.
   rC:        It makes you vulnerable to cold.
   rPois:     It protects you from poison.
   rCorr:     It protects you from acid and corrosion.
 y - a +3 dagger of venom
Missiles
 z - 74 poisoned darts
 A - 9 curare-tipped darts
 G - 6 javelins
Armour
 a - a +0 robe
 h - a +0 cloak (worn)
 x - a +0 helmet (worn)
 I - a +0 pair of gloves (worn)
 O - a +0 robe of fire resistance
 S - a +0 troll leather armour (worn)
 V - a +0 buckler (worn)
Jewellery
 q - a ring of ice
 t - an amulet of the acrobat (around neck)
 C - the ring "Nidaug" {rPois rC+ MP-9 Slay+5 Stlth+}
   (You found it on level 4 of the Dungeon)

   [ring of protection from cold]

   Slay:      It affects your accuracy & damage with ranged weapons and melee
   (+5).
   rC:        It protects you from cold.
   rPois:     It protects you from poison.
   MP:        It affects your magic capacity (-9).
   Stlth:     It makes you more stealthy.
 E - a ring of ice
 J - a +4 ring of evasion (left hand)
 M - a +4 ring of protection (right hand)
Wands
 w - a wand of digging (5)
 K - a wand of roots (13)
 L - a wand of flame (22)
Scrolls
 d - 3 scrolls of blinking
 f - 2 scrolls of summoning
 k - a scroll of fear
 l - 2 scrolls of butterflies
 r - 4 scrolls of enchant weapon
 u - a scroll of vulnerability
 v - a scroll of silence {unknown}
 H - a scroll of magic mapping
 N - 2 scrolls of teleportation
 P - 2 scrolls of immolation {unknown}
 R - a scroll of amnesia {unknown}
 T - a scroll of noise {unknown}
Potions
 b - 3 potions of magic
 c - 7 potions of lignification
 g - 2 potions of cancellation
 i - 3 potions of resistance
 j - a potion of brilliance
 m - 8 potions of haste
 o - 4 potions of curing
 p - 5 potions of attraction
 s - 4 potions of heal wounds
 B - a potion of might
 D - 2 potions of invisibility
 F - 2 potions of ambrosia
 Q - 2 potions of mutation
Miscellaneous
 U - a box of beasts


   Skills:
 - Level 8.6 Fighting
 - Level 2.3 Armour
 - Level 4.8 Dodging
 - Level 8.0 Stealth
 + Level 2.3 Shields
 - Level 8.0 Spellcasting
 - Level 4.0 Conjurations
 + Level 10.8 Necromancy
 - Level 1.1 Transmutations
 - Level 4.0 Air Magic
 - Level 10.0 Poison Magic


You had 8 spell levels left.
You knew the following spells:

 Your Spells              Type           Power      Damage    Failure   Level
a - Sting                 Tmut/Pois      100%       1d8       1%          1
b - Poisonous Vapours     Pois/Air       68%        N/A       1%          2
c - Mephitic Cloud        Conj/Pois/Air  30%        N/A       3%          3
d - Olgreb's Toxic Radia  Pois           45%        N/A       2%          4
e - Animate Dead          Necr           48%        N/A       1%          4
f - Sublimation of Blood  Necr           48%        N/A       1%          2
g - Vampiric Draining     Necr           48%        2d9       1%          3

Your spell library contained the following spells:

 Spells                   Type           Power      Damage    Failure   Level
 Necrotise                Necr           100%       1d9       1%          1
 Shock                    Conj/Air       88%        1d8       2%          1
 Corpse Rot               Necr/Pois/Air  39%        N/A       4%          4
 Agony                    Necr           48%        N/A       4%          5
 Swiftness                Air            22%        N/A       9%          3
 Wereblood                Tmut           11%        N/A       14%         2
 Death Channel            Necr           24%        N/A       26%         6
 Airstrike                Air            11%        2d(2-18)  28%         4
 Confusing Touch          Hex            7%         N/A       41%         3
 Gell's Gravitas          Tloc           7%         N/A       41%         3
 Inner Flame              Hex/Fire       7%         N/A       41%         3
 Lesser Beckoning         Tloc           7%         N/A       41%         3
 Teleport Other           Tloc           7%         N/A       41%         3
 Borgnjor's Vile Clutch   Necr/Erth      14%        N/A       41%         5
 Fulminant Prism          Conj/Hex       7%         3d7       54%         4
 Iskenderun's Mystic Bla  Conj/Tloc      15%        2d5       54%         4
 Iskenderun's Battlesphe  Conj           22%        2d8       61%         5
 Cause Fear               Hex            3%         N/A       82%         4
 Simulacrum               Ice/Necr       14%        N/A       94%         6
 Yara's Violent Unravell  Hex/Tmut       4%         3d4       97%         5
 Lee's Rapid Deconstruct  Erth           3%         3d6*      99%         5
 Iron Shot                Conj/Erth      7%         9d2       100%        6
 Enfeeble                 Hex            3%         N/A       100%        7
 Spellforged Servitor     Conj/Summ      7%         N/A       100%        7
 Summon Hydra             Summ           3%         N/A       100%        7
 Discord                  Hex            3%         N/A       100%        8


Dungeon Overview and Level Annotations

Branches:
Dungeon (10/15)            Temple (1/1) D:6            Lair (4/5) D:10
 Shoals (0/4) Lair:3        Snake (0/4) Lair:2        Sewer (visited)
  Slime: Lair:4-5       Orc: D:9-12

Altars:
Ashenzari
Cheibriados
Dithmenos
Elyvilon
Gozag
Hepliaklqana
Kikubaaqudgha
Nemelex Xobeh
Okawaru
Ru
Trog
Uskayaw
Vehumet
Wu Jian
Xom
Zin
Lugonu

Portals:
Abyss: D:6

Annotations:
D:3 1 runed translucent door, Crazy Yiuf, Grinder
D:6 2 runed translucent doors
D:7 exclusion: phantom
D:9 !rust devils
D:10 !gargoyle
Lair:1 2 transporters
Lair:2 exclusion: oklob plant, Erica
Lair:3 3 runed translucent doors, fleris's ghost, journeyman MiBe


Innate Abilities, Weirdness & Mutations

Your serpentine skin is tough. (AC +4)
You have supernaturally acute eyesight. (SInv)
Armour fits poorly on your strangely shaped body.
Your system is resistant to poisons. (rPois)
You cover ground very slowly.
You can spit poison.
You have a snake-like lower body.


Message History

The ball explodes into a vile cloud!
The stinking cloud engulfs the blink frog but does no damage.
The blink frog is heavily wounded.
The stinking cloud engulfs the blink frog but does no damage.
The blink frog is heavily wounded.
The stinking cloud engulfs the cane toad but does no damage.
The cane toad is severely wounded.
The stinking cloud engulfs you but does no damage.
The stinking cloud engulfs the blink frog but does no damage.
The blink frog is heavily wounded.
The blink frog is poisoned.
The blink frog looks even sicker.
The blink frog looks as sick as possible!
You feel very sick. The cane toad stings you.
You are more poisoned.
The cane toad poisons you! You block the blink frog's attack.
The blink frog is engulfed in noxious fumes.
The blink frog appears confused.
The blink frog hits the water moccasin.
The blink frog blinks!
The blink frog is engulfed in noxious fumes.
The blink frog appears confused.
You block the blink frog's attack. The blink frog hits you!
* * * LOW HITPOINT WARNING * * *
You strike the helpless blink frog from behind!
You puncture the blink frog!
The blink frog seems to slow down.
You freeze the blink frog.
You kill the blink frog!
Kikubaaqudgha accepts your kill.
The dead are hopping!
The blink frog looks even sicker.
The blink frog looks as sick as possible!
Your toxic aura wanes.
You feel very sick. The blink frog hits you!
* * * LOW HITPOINT WARNING * * *
The cane toad stings you but does no damage.
The blink frog is engulfed in noxious fumes.
The blink frog hits you but does no damage.
The cane toad stings you!
You die...
Kikubaaqudgha rasps: "You have failed me!
Welcome... death!"

***,,,,,,,,,,****,,,,,,
*#.........***,*,,,,,
###........,,***,,,,,,
#.#.......###**,,,,,^,
*#........#.# **,,,,,,
#.........#* *,,**,,
#..Z○§....####*****,,
#..FFFS......# **,*,
#..F@○.#....## *.#,,
###.....#P...##*#..,,
##...........##..*,,
#...........##.#***,
###............# **
#...........##*##*
##..........###.#*
#.......P......##
##.....P......#.#


You could see a cane toad, 3 blink frogs, a water moccasin and a friendly blink
frog zombie.

Vanquished Creatures
  A hydra (Lair:2)
  A two-headed ogre (D:8)
  A manticore (Lair:3)
  2 cane toads
  2 komodo dragons
  4 polar bears (Lair:3)
  A wind drake (Lair:3)
  9 blink frogs
  Sigmund (D:6)
  4 wyverns
  4 yaks (Lair:2)
  An acid dragon (D:9)
  3 water moccasins
  4 orc warriors
  A sky beast (D:7)
  5 black bears
  6 ogres
  16 wolves
  A centaur (D:10)
  9 kobold brigands
  10 bullfrogs
  A necrophage (D:6)
  Blork the orc (D:4)
  A gnoll sergeant (D:9)
  3 scorpions
  17 killer bees
  4 hounds
  4 jellies
  2 orc priests
  A gnoll bouda (D:5)
  An iguana (D:6)
  8 orc wizards
  5 hell rats (Lair:2)
  A mummy (D:4)
  13 gnolls
  17 adders
  3 shadow imps (D:7)
  An ufetubus (D:6)
  4 worms
  3 dart slugs
  23 orcs
  6 ball pythons
  14 endoplasms
  4 giant cockroaches
  12 goblins
  6 hobgoblins
  10 jackals (D:4)
  22 kobolds
  3 quokkas
  5 bats
  3 frilled lizards
  6 rats
  A butterfly (D:7)
291 creatures vanquished.

Vanquished Creatures (collateral kills)
  A catoblepas (Lair:3)
  A black mamba (Lair:1)
  A rime drake (Lair:2)
  4 blink frogs
  5 yaks (Lair:2)
  A vampire (D:9)
  2 basilisks
  A naga (Lair:2)
  3 black bears (Lair:3)
  12 wolves
  2 centaurs (D:9)
  3 bullfrogs (Lair:2)
  A gnoll sergeant (D:9)
  A wight (D:9)
  An orc (D:9)
39 creatures vanquished.

Vanquished Creatures (others)
  An angel (D:7)
  4 blink frog zombies
  A wyvern zombie (Lair:1)
  A scorpion (D:10)
  A water moccasin zombie (Lair:4)
  5 yak zombies (Lair:2)
  6 wolf zombies
  A bullfrog zombie (Lair:2)
  An iguana (D:9)
  38 fungi
  41 plants
100 creatures vanquished.

Grand Total: 430 creatures vanquished

Notes
Turn   | Place    | Note
-------+----------+-------------------------------------------
     0 | D:1      | MacCMillion the Naga Venom Mage began the quest for the
                  | Orb.
     0 | D:1      | Reached XP level 1. HP: 15/15 MP: 3/3
   253 | D:1      | Reached XP level 2. HP: 22/22 MP: 1/5
   333 | D:1      | Learned a level 2 spell: Poisonous Vapours
   970 | D:1      | Reached skill level 5 in Poison Magic
  1326 | D:1      | Reached XP level 3. HP: 28/28 MP: 3/6
  1512 | D:2      | Identified the +9 short sword of Butzef {freeze, rPois rF+
                  | rC- rCorr}
  2111 | D:2      | Reached XP level 4. HP: 36/36 MP: 1/7
  2115 | D:2      | Learned a level 3 spell: Mephitic Cloud
  2165 | D:2      | Identified the +3 robe of the Evening {rCorr Str+4 Int-5}
  2305 | D:2      | Reached skill level 1 in Air Magic
  2396 | D:2      | Found a faded altar of an unknown god.
  2827 | D:3      | Found a runed translucent door.
  2828 | D:3      | Noticed Crazy Yiuf
  3330 | D:3      | Reached XP level 5. HP: 42/42 MP: 4/8
  3383 | D:3      | Noticed Grinder
  4043 | D:4      | Found a glowing drain.
  4055 | Sewer    | Entered a sewer
  4102 | Sewer    | Noticed a kobold brigand
  4102 | Sewer    | Noticed a kobold brigand
  4111 | Sewer    | Killed a kobold brigand
  4112 | Sewer    | Reached XP level 6. HP: 49/49 MP: 2/9
  4467 | Sewer    | Reached XP level 7. HP: 55/55 MP: 5/10
  5406 | D:4      | Reached skill level 1 in Fighting
  5422 | D:4      | Found a sparkling altar of Nemelex Xobeh.
  5427 | D:4      | Found a snail-covered altar of Cheibriados.
  5559 | D:4      | Noticed Blork the orc
  5568 | D:4      | Killed Blork the orc
  5570 | D:4      | Reached XP level 8. HP: 60/64 MP: 1/14
  5932 | D:4      | Identified the ring "Nidaug" {rPois rC+ MP-9 Slay+5 Stlth+}
  6117 | D:4      | Reached skill level 5 in Stealth
  6656 | D:5      | Entered Level 5 of the Dungeon
  7079 | D:5      | Learned a level 4 spell: Olgreb's Toxic Radiance
  7861 | D:6      | Reached XP level 9. HP: 78/78 MP: 7/15
  8058 | D:6      | Found a hazy altar of Hepliaklqana.
  8058 | D:6      | Found a broken altar of Ashenzari.
  8247 | D:6      | Found a large runed translucent door.
  8247 | D:6      | Found a large runed translucent door.
  8251 | D:6      | Found a corrupted altar of Lugonu.
  8327 | D:6      | Found a staircase to the Ecumenical Temple.
  8442 | Temple   | Entered the Ecumenical Temple
  8473 | Temple   | Became a worshipper of Kikubaaqudgha
  8629 | D:6      | Found a one-way gate to the infinite horrors of the Abyss.
  8749 | D:6      | Noticed Sigmund
  8754 | D:6      | Killed Sigmund
  8969 | D:7      | HP: 3/80 [vampire/vampiric draining (12)]
  9413 | D:5      | Reached skill level 5 in Fighting
  9866 | D:7      | Noticed an angel
  9867 | D:7      | Found a glowing silver altar of Zin.
  9867 | D:7      | Found a shimmering altar of Xom.
 10019 | D:7      | Killed an angel
 10307 | D:7      | Found a radiant altar of Vehumet.
 10873 | D:7      | Found a white marble altar of Elyvilon.
 11209 | D:8      | Reached * piety under Kikubaaqudgha
 11209 | D:8      | Received a gift from Kikubaaqudgha
 11323 | D:8      | Found a bloodstained altar of Trog.
 11560 | D:8      | Reached skill level 1 in Necromancy
 11737 | D:8      | Reached XP level 10. HP: 92/92 MP: 5/16
 11838 | D:8      | Noticed a two-headed ogre
 12124 | D:8      | Killed a two-headed ogre
 12125 | D:8      | Reached skill level 10 in Poison Magic
 12674 | D:8      | Noticed a rust devil
 12674 | D:8      | Noticed a rust devil
 13220 | D:9      | Reached skill level 5 in Spellcasting
 13299 | D:10     | Entered Level 10 of the Dungeon
 13301 | D:10     | Found a staircase to the Lair.
 13662 | D:10     | Learned a level 4 spell: Animate Dead
 14088 | D:10     | Found an iron altar of Okawaru.
 14094 | D:10     | Found a shadowy altar of Dithmenos.
 14108 | D:10     | Found an ornate altar of the Wu Jian Council.
 14142 | D:10     | Noticed a gargoyle
 14486 | Lair:1   | Entered Level 1 of the Lair of Beasts
 14493 | Lair:1   | Reached skill level 5 in Necromancy
 14563 | Lair:1   | Noticed a black mamba
 14566 | Lair:1   | Killed a black mamba
 14715 | Lair:1   | Found a transporter.
 14878 | Lair:1   | Reached XP level 11. HP: 98/103 MP: 8/20
 14897 | Lair:1   | Reached ** piety under Kikubaaqudgha
 14940 | Lair:1   | Learned a level 2 spell: Sublimation of Blood
 14945 | Lair:1   | Learned a level 3 spell: Vampiric Draining
 15259 | Lair:1   | Found a transporter.
 16019 | Lair:2   | Noticed an eight-headed hydra
 16034 | Lair:2   | Killed an eight-headed hydra
 16393 | Lair:2   | Found a staircase to the Snake Pit.
 16551 | Lair:2   | Reached skill level 10 in Necromancy
 16591 | Lair:2   | Reached *** piety under Kikubaaqudgha
 16591 | Lair:2   | Received a gift from Kikubaaqudgha
 16592 | Lair:2   | Reached XP level 12. HP: 110/110 MP: 20/24
 17033 | Lair:2   | Noticed Erica
 17574 | Lair:3   | Found a runed translucent gate.
 17577 | Lair:3   | Found a runed translucent gate.
 17577 | Lair:3   | Found a runed translucent gate.
 17578 | Lair:3   | Noticed a minotaur
 17624 | Lair:3   | Found a staircase to the Shoals.
 17633 | Lair:3   | Reached skill level 1 in Armour
 17976 | Lair:3   | Noticed a catoblepas
 17982 | Lair:3   | Killed a catoblepas
 18206 | Lair:3   | Noticed fleris's ghost (journeyman MiBe)
 18545 | Lair:3   | Reached skill level 1 in Shields
 19052 | Lair:4   | Slain by a cane toad

Illustrated notes

Levels and vault maps discovered:
D:1:      dpeg_arrival_ternary, layout_loops_corners
D:2:      layout_basic, shapermc_ecumenical_altar_mp_urbaneastern
D:3:      layout_loops_ring, serial_glass, glass_columns_a, glass_columns_a,
          glass_columns_a, glass_columns_a, uniq_grinder,
          uniq_crazy_yiuf_cottage
D:4:      layout_basic, nicolae_overflow_hidden_temple,
          gup_ossuary_entry_pyramid, portal_sewer_entry_d, uniq_blork_the_orc
D:5:      layout_loops_cross, minmay_ogre_servants
D:6:      due_chaos_kobolds, layout_basic, grunt_temple_overflow_open,
          minmay_temple_entry_butterflies, grunt_decor_arrowhead, uniq_sigmund
D:7:      layout_basic, grunt_temple_overflow_order_and_chaos_1,
          mainiacjoe_overflow_alcove_1, kennysheep_little_box,
          dreamdust_princess_bridge
D:8:      cheibrodos_iron_armory, layout_cave_pools, trog_three_pillars_becter
D:9:      layout_cross, st_stairs_5, hangedman_abyss_or_decor_passed,
          chequers_serial_rivers_marsh, hive_lemuel
D:10:     layout_loops_ring, minmay_overflow_temple_star_quad, lair_entry_dummy
Temple:   hellmonk_temple_flake
Lair:1:   gammafunk_worm_tunnel, layout_loops_ring
Lair:2:   layout_layer_cave, guppyfry_snake_entry_garden,
          minmay_lair_oklob_items, guppyfry_lair_drakes, uniq_erica
Lair:3:   beast_lair_carwin_large_3, layout_cave_pods,
          minmay_shoals_entry_beasts, maelrawn_ghost_gauntlet_escape,
          serial_bayou_shore_b
Lair:4:   layout_hall_layers

Skill      XL: |  1  2  3  4  5  6  7  8  9 10 11 12 |
---------------+-------------------------------------+-----
Poison Magic   | 5 6 9 10 | 10.0
Air Magic      | 2 4 |  4.0
Conjurations   | 2 4 |  4.0
Spellcasting   | 4 6 8 |  8.0
Fighting       | 1 4 6 8 |  8.6
Dodging        | 2 4 |  4.8
Stealth        | 4 7 8 |  8.0
Necromancy     | 1 5 10 | 10.8
Armour         | 2 |  2.3
Shields        | 2 |  2.3
Transmutations | |  1.1

Action                   |  1- 3 |  4- 6 |  7- 9 | 10-12 || total
-------------------------+-------+-------+-------+-------++-------
Melee: Dagger            |    26 |       |       |       ||    26
       Short sword       |    11 |    36 |   117 |   136 ||   300
       Punch             |       |       |     1 |       ||     1
Throw: Dart              |       |       |     1 |       ||     1
 Cast: Sting             |    35 |    31 |   113 |    38 ||   217
       Poisonous Vapours |     6 |    29 |    85 |    51 ||   171
       Mephitic Cloud    |       |       |    10 |    15 ||    25
       Olgreb's Toxic Ra |       |       |    10 |    35 ||    45
       Animate Dead      |       |       |       |    17 ||    17
       Vampiric Draining |       |       |       |    13 ||    13
       Sublimation of Bl |       |       |       |     2 ||     2
Invok: Unearth Wretches  |       |       |       |     2 ||     2
 Abil: Spit Poison       |     1 |    19 |    21 |     1 ||    42
Evoke: Wand              |       |       |       |     4 ||     4
  Use: Scroll            |     2 |     1 |     8 |    14 ||    25
       Potion            |       |       |       |     3 ||     3
 Stab: Sleeping          |     6 |     4 |     4 |     1 ||    15
       Confused          |       |       |     1 |     8 ||     9
       Paralysed         |       |       |       |     3 ||     3
       Distracted        |       |       |       |     3 ||     3
Armor: Robe              |    14 |    12 |    26 |    27 ||    79
       Troll leather arm |       |       |       |    31 ||    31
Dodge: Dodged            |    16 |    15 |    70 |   194 ||   295
Block: Buckler           |       |       |       |     7 ||     7
